 Dungeon Crawl Stone Soup version 0.29-a0-270-g1586fc07ea (webtiles) character file.

Game seed: 15574405671750823105

82 rabbitsville the Stinger (level 4, -5/30 HPs)
             Began as a Demonspawn Venom Mage on Mar 7, 2022.
             Was a Believer of Qazlal.
             Slain by Robin
             ... wielding a +5 dagger of protection
              (6 damage)
             ... on level 2 of the Dungeon.
             The game lasted 00:15:42 (2819 turns).

rabbitsville the Stinger (Demonspawn Venom Mage)    Turns: 2819, Time: 00:15:43

Health: -5/30      AC:  2    Str: 10    XL:     4   Next: 21%
Magic:  6/8        EV: 12    Int: 18    God:    Qazlal [**....]
Gold:   79         SH:  2    Dex: 16    Spells: 7/8 levels left

rFire   . . .      SeeInvis .   k - +3 long sword
rCold   . . .      Faith    .   (no shield)
rNeg    . . .      Spirit   .   a - +0 robe
rPois   .          Reflect  .   (no helmet)
rElec   .          Harm     .   (no cloak)
rCorr   .          Rampage  .   (no gloves)
Will    .....      Clarity  +   (no boots)
Stlth   +++.......              (no amulet)
HPRegen 0.10/turn               (no ring)
MPRegen 0.11/turn               (no ring)

@: no status effects
A: thin skeletal structure 1, ignite blood 1, powered by pain 1, talons 1,
clarity, clever 1
a: Renounce Religion, Upheaval


You were on level 2 of the Dungeon.
You worshipped Qazlal.
Qazlal was pleased with you.
You visited 1 branch of the dungeon, and saw 2 of its levels.

You collected 79 gold pieces.

Inventory:

Hand Weapons
 c - a +0 mace
 k - a +3 long sword (weapon)
Armour
 a - a +0 robe (worn)
Scrolls
 d - 4 scrolls of identify {unknown}
 e - a scroll of acquirement {unknown}
 i - 2 scrolls of brand weapon {unknown}
 j - a scroll of torment {unknown}
Potions
 b - a potion of magic
 l - a potion of heal wounds {unknown}
 m - a potion of haste {unknown}


   Skills:
 - Level 1.7 Dodging
 - Level 1.7 Stealth
 + Level 2.8 Spellcasting
 - Level 1.6 Transmutations
 * Level 1.4 Air Magic
 + Level 3.7 Poison Magic


You had 7 spell levels left.
You knew the following spells:

 Your Spells              Type           Power      Damage    Failure   Level
a - Sting                 Tmut/Pois      48%        1d5       5%          1

Your spell library contained the following spells:

 Spells                   Type           Power      Damage    Failure   Level
 Poisonous Vapours        Pois/Air       22%        N/A       9%          2
 Mephitic Cloud           Conj/Pois/Air  8%         N/A       24%         3
 Olgreb's Toxic Radiance  Pois           15%        N/A       34%         4


Dungeon Overview and Level Annotations

Branches:
Dungeon (2/15)

Altars:
Qazlal

Annotations:
D:2 Robin


Innate Abilities, Weirdness & Mutations

You have a somewhat thin skeletal structure. (Dex +2, Stealth+)
Your demonic aura sometimes causes spilled blood to erupt in flames.
You sometimes gain a little power by taking damage.
You have sharp toenails.
You possess an exceptional clarity of mind.
Your mind is acute. (Int +2)


Message History

Robin roars a battlecry!
The hobgoblin goes into a battle-frenzy!
You closely miss the hobgoblin.
The hobgoblin is moderately wounded.
A goblin comes into view. It is wielding a +0 club.
The hobgoblin hits you.
You barely miss the hobgoblin.
The hobgoblin is severely wounded.
Aiming: Sting (safe; 6% risk of failure)
Press: ? - help, Q - select action, (/) - cycle Shift-Dir - straight line, f - Robin, p - hobgoblin
Aim: Robin, wielding a +5 dagger of protection, wearing a +0 animal skin and wearing a +0 helmet (79% to hit)
The sting hits Robin.
Robin is poisoned.
Robin is lightly wounded.
The goblin shouts!
The hobgoblin hits you.
You hit Robin.
Robin is moderately wounded.
Robin hits you with a +5 dagger of protection!
You block the hobgoblin's attack.
Robin hits you with a +5 dagger of protection.
The goblin throws a stone.
The stone hits you but does no damage. The hobgoblin hits you.
* * * LOW HITPOINT WARNING * * *
Aiming: Sting (safe; 6% risk of failure)
Press: ? - help, Q - select action, (/) - cycle Shift-Dir - straight line, f/p - Robin
Aim: Robin, wielding a +5 dagger of protection, wearing a +0 animal skin and wearing a +0 helmet (moderately wounded, poisoned, 79% to hit)
The sting hits Robin but does no damage.
Robin looks even sicker.
Robin is moderately wounded.
Robin hits you with a +5 dagger of protection.
* * * LOW HITPOINT WARNING * * *
The hobgoblin misses you.
The hobgoblin looks more healthy.
The hobgoblin attacks as you move away! The hobgoblin hits you.
* * * LOW HITPOINT WARNING * * *
It was a potion of mutation.
You feel extremely strange.
You feel clever.
Your thoughts seem clearer.
Your toenails lengthen and sharpen.
Robin hits you with a +5 dagger of protection.
You die...

##...##....<..............#.....#
###.†.#.................####.....
# #.#.................######..###
.##.##...............## #....#
.##.###..............# #....#
.##.####............#### #....#
.##...##.....°.........###....#
.####.##.##.g##gg.......##....#
.. #...........@........#....# #.
##..#######...........###### #.
#†..# #...........# #.##.###
##.........## #..><# ##...#...##
###### #########


You could see Robin (poisoned), a hobgoblin (strong) and a goblin (strong).

Vanquished Creatures
  An adder (D:2)
  2 worms (D:2)
  A dart slug (D:1)
  8 bats
  6 endoplasms
  2 giant cockroaches
  7 goblins
  10 hobgoblins
  6 quokkas
  A ball python (D:1)
  3 frilled lizards
  4 kobolds
  4 rats
55 creatures vanquished.

Notes
Turn   | Place    | Note
-------+----------+-------------------------------------------
     0 | D:1      | rabbitsville the Demonspawn Venom Mage began the quest for
                  | the Orb.
     0 | D:1      | Reached XP level 1. HP: 13/13 MP: 3/3
    97 | D:1      | Reached skill level 1 in Transmutations
   528 | D:1      | Gained mutation: You have a somewhat thin skeletal
                  | structure. (Dex +2, Stealth+) [demonic ancestry]
   528 | D:1      | Reached XP level 2. HP: 19/19 MP: 1/5
  1076 | D:1      | Found a faded altar of an unknown god.
  1081 | D:1      | Prayed at the altar of an unknown god.
  1081 | D:1      | Became a worshipper of Qazlal Stormbringer
  1081 | D:1      | Reached * piety under Qazlal
  1428 | D:1      | Gained mutation: Your demonic aura sometimes causes spilled
                  | blood to erupt in flames. [demonic ancestry]
  1428 | D:1      | Reached XP level 3. HP: 24/24 MP: 6/6
  2226 | D:2      | Reached skill level 1 in Air Magic
  2297 | D:2      | Reached ** piety under Qazlal
  2388 | D:2      | Gained mutation: You sometimes gain a little power by
                  | taking damage. [demonic ancestry]
  2388 | D:2      | Reached XP level 4. HP: 20/30 MP: 8/8
  2808 | D:2      | Noticed Robin
  2818 | D:2      | HP: 1/30 [hobgoblin[Robin] (3)]
  2819 | D:2      | Gained mutation: Your mind is acute. (Int +2) [potion of
                  | mutation]
  2819 | D:2      | Gained mutation: You possess an exceptional clarity of
                  | mind. [potion of mutation]
  2819 | D:2      | Gained mutation: You have sharp toenails. [potion of
                  | mutation]
  2819 | D:2      | Slain by Robin

Illustrated notes

Levels and vault maps discovered:
D:1:      lemuel_arrival_river_ford, layout_loops_corners,
          hellmonk_ecumenical_altar_heavens_door
D:2:      layout_rooms, uniq_robin

Skill      XL: |  1  2  3 |
---------------+----------+-----
Transmutations | 1 |  1.6
Air Magic      | 1 |  1.4
Dodging        | |  1.7
Stealth        | |  1.7
Spellcasting   | |  2.8
Poison Magic   | |  3.7

Action                   |  1- 3 |  4- 6 || total
-------------------------+-------+-------++-------
Melee: Unarmed           |     6 |       ||     6
       Mace              |    55 |       ||    55
       Punch             |     1 |       ||     1
       Long sword        |    20 |    19 ||    39
 Cast: Sting             |    59 |    11 ||    70
  Use: Potion            |       |     3 ||     3
Armor: Robe              |    36 |     3 ||    39
       Skin              |       |     2 ||     2
Dodge: Dodged            |    78 |    15 ||    93
Block: Other             |     3 |     1 ||     4

Table legend: (Time is in decaauts)
 A = Elapsed time spent in this place.
 B = Non-inter-level travel time spent in this place.
 C = Inter-level travel time spent in this place.
 D = Time resting spent in this place.
 E = Time spent auto-exploring this place.
 F = Levels seen in this place.
 G = Mean time per level.
                   A        B        C        D        E       F      G
               +--------+--------+--------+--------+--------+-----+--------+
         Total |   2863 |   2813 |     50 |   1272 |    557 |   2 | 1431.5 |
       Dungeon |   2863 |   2813 |     50 |   1272 |    557 |   2 | 1431.5 |
               +--------+--------+--------+--------+--------+-----+--------+

Top non-repeatable levels by time:
     D:1: 2034 daAuts
     D:2: 829 daAuts
